Map: Blackburn LE

Players

Krystianer

  • Race: Protoss Protoss
  • League: Grandmaster

AGOElazer (Elazer) - Winner!

  • Race: Zerg Zerg
  • League: Grandmaster

Event: DreamHack SC2 Masters 2021 Summer

VOD

Have the link to the VOD?

Description

Time

  • Played on: May 20, 2021, 1:20 p.m.
  • Length: 7:24

All games in this series

Show
View Real Time Build Order
Export as new Build Order

Krystianer Protoss 

Build Orders: 1 Gate Expand, Oracle Opening 

Get SALT Encoding   

  12  0:00  Probe  
  13  0:12  Probe  
  14  0:19  Pylon  
  14  0:24  Probe  
  15  0:38  Probe (Chrono Boost)  
  15  0:40  Gateway  
  16  0:46  Probe (Chrono Boost)  
  17  0:50  Assimilator  
  17  0:52  Probe  
  18  1:04  Probe  
  19  1:16  Probe  
  20  1:28  Nexus  
  20  1:39  Cybernetics Core  
  20  1:40  Probe  
  20  1:45  Assimilator  
  21  1:52  Probe  
  22  1:55  Pylon  
  22  2:04  Probe  
  23  2:12  Adept (Chrono Boost)  
  25  2:16  Probe  
  25  2:22  Stargate  
  26  2:28  Probe (Chrono Boost)  
  27  2:35  Adept  
  27  2:36  Warp Gate  
  29  2:40  Probe (Chrono Boost)  
  29  2:41  Probe (Chrono Boost)  
  31  2:49  Probe x2 (Chrono Boost)  
  33  2:54  Probe (Chrono Boost)  
  33  2:55  Probe  
  33  2:56  Void Ray (Chrono Boost)  
  39  3:06  Probe  
  39  3:07  Probe  
  41  3:19  Probe x2  
  43  3:20  Pylon  
  43  3:24  Gateway  
  43  3:31  Probe x2  
  45  3:38  Oracle  
  48  3:43  Probe x2  
  50  3:51  Nexus  
  50  3:55  Probe x2  
  52  3:58  Pylon  
  52  4:03  Assimilator  
  52  4:04  Assimilator  
  52  4:07  Probe x2  
  54  4:12  Stargate  
  54  4:18  Void Ray (Chrono Boost)  
  54  4:19  Probe  
  54  4:20  Probe  
  56  4:25  Pylon  
  60  4:32  Probe x2  
  62  4:38  Pylon  
  62  4:43  Adept  
  62  4:44  Probe x2  
  62  4:45  Void Ray (Chrono Boost)  
  66  4:50  Void Ray (Chrono Boost)  
  66  4:56  Probe x2  
  76  5:04  Probe (Chrono Boost)  
  77  5:14  Probe x2 (Chrono Boost)  
  79  5:16  Probe (Chrono Boost)  
  82  5:21  Probe (Chrono Boost)  
  82  5:22  Probe x2 (Chrono Boost), Void Ray (Chrono Boost)  
  82  5:23  Pylon, Void Ray (Chrono Boost)  
  87  5:33  Probe  
  93  5:35  Assimilator  
  93  5:36  Forge  
  92  5:43  Zealot x2  
  92  5:49  Shield Battery  
  96  5:50  Shield Battery  
  96  5:51  Shield Battery  
  96  5:52  Void Ray, Shield Battery  
  96  5:54  Shield Battery, Pylon  
  100  6:06  Void Ray  
  104  6:22  Photon Cannon  
  104  6:24  Photon Cannon  
  104  6:25  Photon Cannon  
  104  6:28  Zealot x2, Pylon  
  108  6:36  Void Ray  
  108  6:41  Probe  
  108  6:46  Probe  
  110  6:50  Stalker x2  
  101  7:00  Probe  
  101  7:06  Probe  
  85  7:17  Zealot x2  
Show
View Real Time Build Order
Export as new Build Order

AGOElazer Zerg - Winner!

Build Orders: Hatch First 

Get SALT Encoding   

  12  0:00  Drone  
  13  0:12  Overlord  
  13  0:16  Drone  
  14  0:30  Drone x2  
  17  0:42  Drone  
  17  0:51  Hatchery  
  17  0:54  Drone  
  17  0:58  Drone  
  18  1:08  Extractor  
  17  1:13  Spawning Pool  
  17  1:16  Drone  
  17  1:19  Drone  
  18  1:28  Drone  
  19  1:38  Drone  
  20  1:49  Overlord  
  20  1:59  Queen  
  22  2:03  Drone, Queen  
  22  2:04  Zergling x2  
  26  2:12  Metabolic Boost, Zergling x2  
  26  2:14  Drone  
  28  2:21  Drone  
  29  2:25  Drone  
  30  2:32  Drone  
  30  2:35  Drone  
  32  2:42  Hatchery  
  31  2:46  Queen  
  33  2:51  Overlord  
  33  2:58  Drone  
  34  2:59  Queen  
  34  3:04  Overlord  
  36  3:11  Drone x3  
  39  3:16  Spore Crawler  
  39  3:17  Drone x2  
  39  3:19  Drone  
  42  3:23  Drone x2  
  44  3:28  Spore Crawler  
  44  3:30  Overlord  
  44  3:32  Drone  
  44  3:43  Overlord  
  44  3:50  Drone x6  
  50  3:56  Drone x5  
  50  3:59  Queen  
  57  4:10  Overlord  
  57  4:11  Spore Crawler  
  57  4:12  Drone x3  
  57  4:13  Drone  
  57  4:16  Drone x2  
  63  4:17  Drone  
  63  4:22  Queen  
  63  4:24  Overlord  
  65  4:30  Drone x5  
  70  4:35  Extractor  
  70  4:37  Roach Warren  
  68  4:38  Overlord  
  68  4:40  Drone  
  69  4:45  Extractor x2  
  69  4:46  Queen  
  69  4:49  Drone x4  
  69  4:50  Drone x2  
  75  4:52  Overlord  
  75  4:56  Zergling x6  
  75  4:59  Lair  
  77  5:02  Queen  
  79  5:08  Overlord  
  79  5:11  Overlord  
  79  5:19  Roach x7  
  93  5:28  Roach x4  
  101  5:33  Roach x2  
  105  5:36  Spore Crawler  
  105  5:38  Overlord  
  105  5:42  Zergling x2  
  105  5:43  Zergling x6  
  105  5:48  Queen x2  
  111  5:51  Overlord x2  
  111  5:54  Ravager x2  
  113  5:57  Zergling x2  
  113  5:58  Zergling x8  
  118  6:06  Ravager  
  118  6:08  Queen, Ravager  
  122  6:18  Ravager x2  
  122  6:19  Ravager x2  
  122  6:22  Zergling x22  
  137  6:29  Queen  
  137  6:32  Zergling x2  
  137  6:33  Overlord x2  
  137  6:36  Queen  
  127  6:49  Zergling x22  
  127  6:53  Zergling x6  
  136  7:00  Zergling x6  
Tags
 
Add a new tag
Caveats
  • Supply blocks, unpowered buildings, or Contaminate may cause inaccurate times.
  • Supply counts are checked every 10 seconds.